 Dungeon Crawl Stone Soup version 0.28-a0-595-g9f6c0e134a (webtiles) character file.

Game seed: 2070381376427875313

179 Demosthentine the Poker (level 5, -4/41 HPs)
             Began as a Merfolk Gladiator on Oct 5, 2021.
             Slain by a wyvern zombie (12 damage)
             ... on level 4 of the Dungeon.
             The game lasted 00:02:36 (2771 turns).

Demosthentine the Poker (Merfolk Gladiator)         Turns: 2771, Time: 00:02:37

Health: -4/41      AC:  4    Str: 15    XL:     5   Next: 59%
Magic:  5/5        EV: 15    Int:  7    God:
Gold:   94         SH:  0    Dex: 22    Spells: 4/4 levels left

rFire   . . .      SeeInvis .   a - +1 trident
rCold   . . .      Faith    .   (no shield)
rNeg    . . .      Spirit   .   b - +0 leather armour
rPois   .          Reflect  .   c - +0 helmet
rElec   .          Harm     .   (no cloak)
rCorr   .          Rampage  .   (no gloves)
Will    .....                   (no boots)
Stlth   ++........              (no amulet)
HPRegen 0.13/turn               g - +6 ring of dexterity
MPRegen 0.09/turn               (no ring)

@: no status effects
A: (nimble swimmer 2), mertail
a: no special abilities


You were on level 4 of the Dungeon.
You visited 1 branch of the dungeon, and saw 4 of its levels.

You collected 94 gold pieces.

Inventory:

Hand Weapons
 a - a +1 trident (weapon)
Missiles
 d - 2 throwing nets (quivered)
Armour
 b - a +0 leather armour (worn)
 c - a +0 helmet (worn)
Jewellery
 g - a +6 ring of dexterity (left hand)
Scrolls
 e - a scroll of enchant weapon
 h - a scroll of fear
Potions
 f - 2 potions of curing {unknown}
 i - 2 potions of might
 l - a potion of ambrosia
 m - a potion of haste {unknown}


   Skills:
 + Level 3.5 Fighting
 + Level 5.9 Polearms
 - Level 2.0 Throwing
 + Level 1.6 Armour
 + Level 5.2 Dodging


You had 4 spell levels left.
You didn't know any spells.
Your spell library contained the following spells:

 Spells                   Type           Power      Damage    Failure   Level
 Passwall                 Tmut/Erth      0%         N/A       65%         2
 Swiftness                Air            0%         N/A       86%         3
 Invisibility             Hex            0%         N/A       100%        6


Dungeon Overview and Level Annotations

Branches:
Dungeon (4/15)
 Temple: D:4-7

Altars:
Gozag

Shops:
D:2 :


Innate Abilities, Weirdness & Mutations

((You are quick and stealthy near water. (Stealth+, EV+, Speed+++)))
Your lower body shifts to a powerful aquatic tail in water.


Message History

A wyvern zombie comes into view.
A wyvern zombie is nearby!
A wyvern zombie is nearby!
A wyvern zombie is nearby!
A wyvern zombie is nearby!
You reach to attack!
The helpless wyvern zombie fails to defend itself.
You hit the wyvern zombie.
The wyvern zombie is lightly damaged.
A wyvern zombie is nearby!
You hit the wyvern zombie.
The wyvern zombie is moderately damaged.
The wyvern zombie bites you! The wyvern zombie bites you.
You hit the wyvern zombie.
The wyvern zombie is moderately damaged.
The wyvern zombie bites you!
You are too injured to fight recklessly!
You are too injured to fight recklessly!
You are too injured to fight recklessly!
You are too injured to fight recklessly!
Throw: 3 throwing nets
Press: ? - help, Q - select action Shift-Dir - straight line, f/p - wyvern zombie
Aim: a wyvern zombie (moderately damaged, 81% to hit)
You throw a throwing net.
The throwing net hits the wyvern zombie.
The wyvern zombie is caught in the net!
The wyvern zombie is moderately damaged.
The wyvern zombie struggles against the net.
You hit the wyvern zombie.
The wyvern zombie is moderately damaged.
The wyvern zombie struggles against the net. x2
The net rips apart, and the wyvern zombie comes free!
You hit the wyvern zombie.
The wyvern zombie is heavily damaged.
The wyvern zombie bites you!
* * * LOW HITPOINT WARNING * * *
You hit the wyvern zombie.
The wyvern zombie is heavily damaged.
The wyvern zombie bites you!
You die...

#.# # #.# # #.#
#.# #.# #.# # #.#
#..#############.#
#...Z@...........#
#.################


You could see a wyvern zombie.

Vanquished Creatures
  A hound (D:3)
  A bullfrog skeleton (D:4)
  An orc wizard (D:3)
  2 adders (D:2)
  3 worms (D:2)
  A dart slug (D:2)
  3 orcs (D:3)
  3 bats
  7 endoplasms
  2 giant cockroaches
  A goblin (D:1)
  8 hobgoblins
  6 jackals
  4 quokkas
  6 ball pythons
  3 frilled lizards
  6 kobolds
  5 rats
63 creatures vanquished.

Notes
Turn   | Place    | Note
-------+----------+-------------------------------------------
     0 | D:1      | Demosthentine the Merfolk Gladiator began the quest for the
                  | Orb.
     0 | D:1      | Reached XP level 1. HP: 16/16 MP: 1/1
   269 | D:1      | Reached XP level 2. HP: 23/23 MP: 2/2
   409 | D:1      | Found a faded altar of an unknown god.
   648 | D:1      | Reached XP level 3. HP: 28/28 MP: 3/3
  1027 | D:2      | Reached skill level 5 in Polearms
  1225 | D:2      | Reached skill level 1 in Armour
  1241 | D:2      | Found an opulent altar of Gozag.
  1413 | D:2      | Found Jatus's Book Shop.
  1427 | D:2      | Reached XP level 4. HP: 35/35 MP: 4/4
  2059 | D:3      | Reached XP level 5. HP: 39/41 MP: 5/5
  2192 | D:3      | Reached skill level 5 in Dodging
  2771 | D:4      | Slain by a wyvern zombie

Illustrated notes

Levels and vault maps discovered:
D:1:      minmay_arrival_hallway, layout_loops_ring,
          shapermc_ecumenical_altar_ellora, minmay_heptomino_l4
D:2:      minmay_diamond_boxcup, layout_loops_ring, serial_shops, shop,
          basic_altar, minmay_misc_feat_nine_boxes
D:3:      layout_basic
D:4:      layout_basic, chequers_serial_rivers_large_b

Skill      XL: |  1  2  3  4  5 |
---------------+----------------+-----
Polearms       | 5 |  5.9
Armour         | 1 |  1.6
Fighting       | 3 |  3.5
Dodging        | 5 |  5.2
Throwing       | |  2.0

Action                   |  1- 3 |  4- 6 || total
-------------------------+-------+-------++-------
Melee: Trident           |   101 |    91 ||   192
Throw: Throwing net      |       |     1 ||     1
  Use: Scroll            |     6 |     3 ||     9
 Stab: Sleeping          |     1 |     3 ||     4
       Distracted        |       |     1 ||     1
Armor: Leather armour    |    18 |     6 ||    24
Dodge: Dodged            |    41 |    37 ||    78

Table legend: (Time is in decaauts)
 A = Elapsed time spent in this place.
 B = Non-inter-level travel time spent in this place.
 C = Inter-level travel time spent in this place.
 D = Time resting spent in this place.
 E = Time spent auto-exploring this place.
 F = Levels seen in this place.
 G = Mean time per level.
                   A        B        C        D        E       F      G
               +--------+--------+--------+--------+--------+-----+--------+
         Total |   2778 |   2684 |     94 |      0 |   2268 |   4 |  694.5 |
       Dungeon |   2778 |   2684 |     94 |      0 |   2268 |   4 |  694.5 |
               +--------+--------+--------+--------+--------+-----+--------+

Top non-repeatable levels by time:
     D:2: 1079 daAuts
     D:1: 924 daAuts
     D:3: 682 daAuts
     D:4: 91 daAuts
